Map: Dusk Towers

Players

LiquidTLO (TLO)

  • Race: Zerg Zerg

puCK (Nina) - Winner!

  • Race: Protoss Protoss
  • League: Grandmaster

Event: puCK vs TLO Bo9 (Matcherino)

VOD

Have the link to the VOD?

Description

Time

  • Played on: Nov. 17, 2015, 2 p.m.
  • Length: 11:25

All games in this series

Show
View Real Time Build Order
Export as new Build Order

LiquidTLO Zerg 

Build Orders: 3 Hatch before Pool, Lurkers 

Get SALT Encoding   

  12  0:01  Drone  
  13  0:13  Overlord  
  13  0:18  Drone  
  14  0:32  Drone x2  
  16  0:50  Hatchery  
  16  0:53  Drone  
  16  0:55  Drone  
  17  1:00  Drone  
  18  1:19  Hatchery  
  18  1:21  Drone  
  18  1:25  Drone  
  19  1:37  Spawning Pool  
  18  1:40  Drone  
  18  1:44  Drone  
  20  1:51  Overlord  
  20  2:01  Drone  
  21  2:03  Drone  
  22  2:12  Drone  
  22  2:14  Drone  
  25  2:22  Drone  
  25  2:24  Queen x2  
  25  2:26  Overlord  
  29  2:31  Drone  
  29  2:34  Queen  
  32  2:40  Drone x2  
  32  2:43  Drone  
  35  2:47  Drone x2  
  37  2:55  Drone  
  37  2:57  Drone, Extractor x2  
  37  2:59  Drone, Queen  
  37  3:05  Queen  
  40  3:10  Queen  
  44  3:14  Overlord  
  44  3:16  Drone  
  45  3:20  Drone  
  45  3:22  Overlord  
  45  3:24  Drone  
  45  3:25  Drone  
  48  3:29  Overlord  
  48  3:30  Drone  
  48  3:33  Drone  
  50  3:35  Drone  
  50  3:36  Drone  
  50  3:40  Drone  
  53  3:41  Overlord  
  53  3:50  Evolution Chamber  
  53  3:51  Evolution Chamber  
  53  3:53  Drone  
  53  3:54  Drone  
  53  3:58  Drone  
  53  3:59  Drone x4  
  53  4:01  Drone  
  59  4:03  Drone  
  59  4:04  Zergling x2  
  59  4:09  Zergling x2  
  62  4:11  Metabolic Boost  
  62  4:18  Zerg Ground Armor Level 1  
  62  4:19  Drone  
  61  4:24  Overlord  
  61  4:26  Drone x5  
  66  4:32  Zerg Melee Weapons Level 1  
  66  4:33  Drone  
  66  4:35  Drone  
  66  4:37  Drone x3  
  71  4:39  Drone x2  
  71  4:41  Drone  
  71  4:43  Extractor  
  71  4:44  Extractor  
  72  4:50  Hatchery, Zergling x2  
  72  4:54  Zergling x2  
  72  4:57  Zergling x2  
  72  4:58  Lair  
  74  5:00  Drone  
  74  5:01  Drone x3  
  74  5:04  Zergling x2  
  74  5:05  Zergling x2  
  80  5:07  Zergling x2  
  80  5:12  Overlord  
  81  5:15  Overlord  
  81  5:18  Drone x2  
  81  5:19  Overlord x3  
  83  5:21  Zergling x2  
  83  5:22  Zergling x4  
  83  5:23  Zergling x2  
  87  5:29  Overlord  
  87  5:37  Evolution Chamber  
  86  5:43  Zergling x16  
  86  5:48  Zergling x2  
  96  5:50  Zergling x2  
  96  5:57  Zergling x10  
  97  5:58  Hydralisk Den  
  97  6:01  Zergling x2  
  97  6:02  Zergling x2  
  97  6:03  Zergling x2  
  103  6:04  Zergling x2  
  103  6:07  Zergling x4  
  103  6:10  Zerg Missile Weapons Level 1  
  105  6:13  Zergling x4  
  105  6:14  Zergling x2  
  107  6:18  Zergling x2  
  107  6:21  Zerg Ground Armor Level 2  
  108  6:27  Zergling x2  
  108  6:29  Zergling x4  
  108  6:32  Zergling x4  
  106  6:33  Zergling x4  
  106  6:34  Zergling x10  
  106  6:36  Zergling x4  
  106  6:38  Zergling x2  
  112  6:41  Zergling x2  
  112  6:42  Zergling x4  
  112  6:44  Muscular Augments  
  112  6:47  Hydralisk  
  109  6:48  Hydralisk x2  
  109  6:49  Hydralisk x2  
  109  6:50  Hydralisk  
  109  6:51  Pneumatized Carapace  
  120  7:00  Hydralisk  
  119  7:01  Overlord, Hydralisk  
  119  7:04  Hydralisk x3  
  119  7:05  Zergling x2  
  119  7:06  Zergling x2  
  129  7:17  Hydralisk x2  
  129  7:18  Hydralisk  
  129  7:19  Hydralisk  
  129  7:20  Hydralisk  
  129  7:21  Hydralisk  
  126  7:27  Zergling x2  
  126  7:29  Zergling x16  
  130  7:33  Zergling x2  
  130  7:34  Zerg Melee Weapons Level 2  
  130  7:35  Zergling x2  
  132  7:39  Zergling x2  
  132  7:41  Zergling x2  
  134  7:45  Zergling x8  
  134  7:46  Spore Crawler, Overlord  
  134  7:48  Hydralisk x2  
  134  7:50  Drone  
  142  7:54  Zergling x2  
  142  7:56  Zergling x2  
  142  7:57  Zergling x2  
  142  7:58  Zergling x2  
  134  8:06  Hydralisk  
  134  8:08  Zergling x2  
  134  8:11  Zergling x8  
  121  8:12  Zergling x2  
  121  8:13  Zergling x4  
  121  8:14  Zergling x4  
  121  8:16  Zergling x4  
  110  8:23  Lurker Den, Zergling x2  
  104  8:29  Drone x6, Extractor  
  104  8:30  Extractor  
  104  8:32  Zergling x2  
  105  8:35  Hydralisk  
  105  8:40  Zerg Missile Weapons Level 2  
  106  8:42  Hydralisk x4  
  106  8:43  Zergling x8  
  106  8:44  Zergling x6  
  106  8:47  Hydralisk  
  106  8:48  Hydralisk  
  121  8:53  Hydralisk  
  124  8:58  Hydralisk  
  124  9:02  Hydralisk  
  126  9:07  Hydralisk  
  114  9:12  Hydralisk  
  114  9:13  Zergling x24  
  124  9:24  Overlord x4  
  121  9:38  Overlord x5  
  117  9:39  Overlord  
  117  9:43  Zergling x6  
  120  9:50  Lurker x4  
  124  9:53  Lurker  
  124  9:54  Hatchery  
  124  9:55  Drone x5  
  124  9:56  Extractor  
  124  9:57  Extractor  
  127  10:02  Lurker  
  127  10:03  Zergling x4  
  127  10:05  Zergling x2  
  127  10:06  Zergling x2  
  133  10:07  Zergling x2  
  133  10:08  Zergling x2  
  133  10:09  Zergling x4  
  133  10:10  Zergling x2  
  137  10:14  Overseer, Zergling x4  
  137  10:15  Overseer  
  137  10:20  Hydralisk  
  141  10:24  Hydralisk  
  137  10:31  Lurker  
  137  10:32  Lurker, Zergling x2  
  137  10:33  Zergling x10  
  137  10:35  Zergling x2  
  146  10:36  Zergling x2  
  146  10:37  Zergling x2  
  135  10:43  Hydralisk x2  
  135  10:44  Zergling x2  
  135  10:46  Hydralisk  
  135  10:49  Hydralisk  
  115  10:52  Zergling x2  
  115  10:53  Zergling x2  
  115  10:56  Zergling x2  
  120  11:00  Hydralisk  
  120  11:01  Hydralisk  
Show
View Real Time Build Order
Export as new Build Order

puCK Protoss - Winner!

Build Orders: Nexus First, Blink Stalkers 

Get SALT Encoding   

  12  0:01  Probe (Chrono Boost)  
  13  0:11  Probe (Chrono Boost)  
  14  0:17  Pylon  
  14  0:22  Probe (Chrono Boost)  
  16  0:35  Probe (Chrono Boost)  
  16  0:46  Probe (Chrono Boost)  
  17  0:56  Probe (Chrono Boost)  
  18  1:00  Nexus  
  18  1:07  Probe (Chrono Boost)  
  19  1:13  Gateway  
  19  1:18  Probe (Chrono Boost)  
  20  1:23  Assimilator  
  20  1:28  Probe (Chrono Boost), Assimilator  
  21  1:39  Probe (Chrono Boost)  
  22  1:40  Pylon  
  22  1:49  Probe (Chrono Boost)  
  23  2:00  Cybernetics Core  
  23  2:01  Probe (Chrono Boost)  
  24  2:11  Probe (Chrono Boost)  
  24  2:12  Probe (Chrono Boost)  
  26  2:22  Probe (Chrono Boost)  
  27  2:23  Probe (Chrono Boost)  
  28  2:32  Probe (Chrono Boost)  
  28  2:33  Probe (Chrono Boost)  
  28  2:36  Adept (Chrono Boost), Warp Gate  
  32  2:43  Probe  
  34  2:44  Mothership Core (Chrono Boost)  
  35  2:54  Probe (Chrono Boost)  
  36  3:05  Probe x2 (Chrono Boost)  
  38  3:07  Nexus  
  38  3:11  Sentry  
  40  3:15  Probe (Chrono Boost)  
  40  3:16  Probe (Chrono Boost)  
  40  3:17  Twilight Council  
  42  3:23  Pylon  
  42  3:26  Probe (Chrono Boost)  
  42  3:27  Probe (Chrono Boost)  
  44  3:36  Probe (Chrono Boost)  
  44  3:37  Probe (Chrono Boost)  
  46  3:45  Gateway  
  46  3:46  Blink (Chrono Boost)  
  46  3:47  Probe x2 (Chrono Boost)  
  46  3:48  Gateway  
  48  3:58  Probe x2  
  48  4:00  Robotics Facility  
  50  4:06  Gateway  
  50  4:08  Gateway  
  50  4:11  Probe  
  50  4:17  Probe  
  51  4:19  Probe  
  51  4:23  Pylon  
  51  4:24  Probe  
  51  4:26  Assimilator  
  51  4:28  Probe  
  51  4:30  Assimilator  
  53  4:33  Gateway  
  53  4:37  Probe x2  
  54  4:39  Gateway  
  54  4:41  Probe  
  56  4:48  Warp Prism (Chrono Boost)  
  56  4:49  Probe x2  
  56  4:51  Stalker, Probe  
  62  4:56  Stalker  
  62  4:58  Stalker  
  67  5:01  Probe  
  67  5:03  Probe  
  67  5:04  Probe  
  70  5:12  Stalker x2  
  70  5:13  Probe  
  75  5:14  Pylon  
  75  5:15  Probe x2  
  75  5:17  Pylon  
  77  5:26  Pylon  
  77  5:28  Pylon  
  77  5:32  Probe  
  77  5:33  Observer (Chrono Boost)  
  77  5:34  Stalker  
  77  5:35  Stalker x2  
  85  5:39  Stalker  
  85  5:40  Assimilator x2  
  85  5:42  Stalker  
  89  5:45  Stalker  
  89  5:47  Resonating Glaives  
  91  5:59  Probe  
  91  6:00  Probe  
  91  6:03  Forge  
  93  6:05  Stalker  
  93  6:06  Stalker x3  
  93  6:08  Stalker  
  103  6:12  Pylon x2  
  103  6:15  Stalker  
  103  6:16  Stalker  
  107  6:31  Adept  
  107  6:32  Adept x3  
  103  6:47  Stalker x3  
  101  6:50  Protoss Ground Weapons Level 1 (Chrono Boost)  
  101  6:52  Adept x2  
  101  6:53  Adept x2  
  113  6:58  Gateway  
  113  7:07  Pylon  
  112  7:13  Sentry x2  
  112  7:14  Adept x2  
  120  7:22  Warp Prism  
  98  7:32  Stalker x3  
  98  7:35  Robotics Bay, Robotics Facility  
  98  7:36  Stalker  
  104  7:40  Adept  
  104  7:41  Adept x2  
  110  7:47  Forge  
  110  7:54  Adept x2  
  110  7:58  Adept x2, Pylon  
  118  8:03  Adept x3  
  118  8:04  Adept  
  118  8:05  Observer  
  101  8:25  Stalker x5  
  101  8:26  Stalker x3  
  115  8:31  Nexus  
  115  8:41  Pylon  
  115  8:42  Pylon  
  115  8:48  Adept x2  
  115  8:49  Adept  
  115  8:55  Adept x5  
  130  8:57  Disruptor  
  125  9:15  Nexus  
  123  9:17  Adept x2  
  123  9:18  Adept  
  123  9:23  Sentry x3  
  135  9:24  Sentry  
  135  9:26  Disruptor  
  136  9:41  Disruptor  
  139  9:50  Adept  
  139  9:51  Adept x2  
  145  9:57  Photon Cannon  
  145  10:00  Pylon  
  145  10:02  Disruptor  
  145  10:05  Photon Cannon  
  148  10:09  Assimilator  
  148  10:16  Disruptor  
  148  10:17  Adept  
  148  10:18  Adept x2  
  148  10:19  Assimilator  
  157  10:27  Adept x2  
  161  10:31  Photon Cannon  
  161  10:33  Adept  
  158  10:37  Disruptor  
  139  10:51  Stalker  
  139  10:52  Stalker x5  
  139  10:53  Observer  
  144  11:11  Stalker x2  
  136  11:20  Stalker x2  
  136  11:21  Stalker x3  

Tags
 
Add a new tag
Caveats
  • Supply blocks, unpowered buildings, or Contaminate may cause inaccurate times.
  • Supply counts are checked every 10 seconds.